 Dungeon Crawl Stone Soup version 0.17.2-1-ge4368a0 (webtiles) character file.

117 Goblin1989 the Cudgeler (level 4, -2/35 HPs)
             Began as a Demonspawn Chaos Knight on Oct 23, 2016.
             Slain by a gnoll
             ... wielding a +0 spear
              (5 damage)
             ... on level 2 of the Dungeon.
             The game lasted 00:03:45 (1559 turns).

Goblin1989 the Cudgeler (Demonspawn Chaos Knight)   Turns: 1559, Time: 00:03:45

Health: -2/35      AC:  6    Str: 13    XL:     4   Next: 71%
Magic:  4/4        EV: 11    Int: 14    God:    Xom [..*...]
Gold:   76         SH:  0    Dex: 12    Spells: 0 memorised, 3 levels left

rFire  . . .     SeeInvis .     a - +0 mace (chaos)
rCold  + . .     Clarity  .     b - +2 leather armour
rNeg   . . .     SustAt   .     (no shield)
rPois  .         Gourm    .     (no helmet)
rElec  .         Spirit   .     (no cloak)
rCorr  .         Warding  .     (no gloves)
rMut   .         Stasis   .     o - +0 pair of boots
MR     +....                    (no amulet)
Stlth  +.........               (no ring)
                                m - ring of protection from magic

@: somewhat resistant to hostile enchantments, very unstealthy
A: hooves 2, cold resistance 1
a: Renounce Religion


You were on level 2 of the Dungeon.
You worshipped Xom.
You were a toy of Xom.
You were not hungry.

You visited 1 branch of the dungeon, and saw 2 of its levels.

You collected 76 gold pieces.

Inventory:

Hand Weapons
 a - a +0 mace of chaos (weapon)
Armour
 b - a +2 leather armour (worn)
 o - a +0 pair of boots (worn)
Jewellery
 j - an uncursed ring of see invisible {unknown}
 m - a ring of protection from magic (left hand)
Scrolls
 e - a scroll of recharging {unknown}
 f - a scroll of enchant weapon {unknown}
 g - 4 scrolls of identify {unknown}
 i - a scroll of remove curse {unknown}
 k - a scroll of immolation {unknown}
 p - a scroll of noise {unknown}
 q - a scroll of random uselessness {unknown}
Potions
 d - a potion of lignification {unknown}
 l - a potion of curing {@q1}
 r - a potion of poison {unknown}
Comestibles
 c - 3 bread rations {@e1}
 h - 2 meat rations {@e2}
 n - a royal jelly


   Skills:
 - Level 3.0 Fighting
 + Level 5.0 Maces & Flails
 - Level 1.7 Armour
 - Level 0.8 Dodging


You had 3 spell levels left.
You didn't know any spells.

Dungeon Overview and Level Annotations

Branches:
Dungeon (2/15)

Altars:
Nemelex Xobeh

Annotations:
Abyss:1 Natasha


Innate Abilities, Weirdness & Mutations

You have hoof-like feet.
Your flesh is cold resistant.


Message History

You are too injured to fight recklessly!
You are too injured to fight recklessly!
You are too injured to fight recklessly!
You are too injured to fight recklessly!
You are too injured to fight recklessly!
You are too injured to fight recklessly!
You are too injured to fight recklessly!
You are too injured to fight recklessly!
You are too injured to fight recklessly!
You are too injured to fight recklessly!
Unknown command.
The gnoll hits you with a spear!
* * * LOW HITPOINT WARNING * * *
The gnoll hits you from afar with a halberd!
* * * LOW HITPOINT WARNING * * *
Things that are here:
a spear; a gnoll corpse You take 15 damage, and have 3/35 hp.
MASSIVE DAMAGE!!
You completely miss the gnoll. The gnoll hits you with a spear.
You die...

█.....███.████████.█..........<..
███.████..........█......████████
█........███....██.██...██
█.████..██.██.█..█.███.██
█(███...█.⌂.█....█.█ █.█
█.██..████.████..█.█ █.█
█.██.██.)█∆█..██g█.███.█
█.██.█...∆.∆...█g█.....█
█.██.██.██.██.██@███████
█.██..███.█.███..█
█.███.....█.....██ █.█
███..███..█.█ █.█ █.........█ █.█
█.███████.██████████████
█.█████.█████ █..............█
█)....<.....█ ████████.███.█.█
█.█████..██.█ █.█.████


You could see 2 gnolls.

Vanquished Creatures
  A gnoll (D:2)
  5 adders (D:2)
  An ooze (D:2)
  An orc (D:2)
  2 giant cockroaches
  5 goblins
  10 kobolds
  6 bats (D:1)
  2 giant newts
  4 jackals (D:1)
  3 rats (D:1)
40 creatures vanquished.

Notes
Turn   | Place    | Note
--------------------------------------------------------------
     0 | D:1      | Goblin1989 the Demonspawn Chaos Knight began the quest for the Orb.
     0 | D:1      | Reached XP level 1. HP: 18/18 MP: 1/1
    55 | D:1      | XOM: harmless Trmt miscast
   137 | D:1      | XOM: divination: detect creatures
   223 | D:1      | Gained mutation: You have large cloven feet. [demonic ancestry]
   223 | D:1      | Reached XP level 2. HP: 24/24 MP: 2/2
   333 | D:1      | XOM: smoke on damage
   564 | D:1      | XOM: harmless Ice miscast
   722 | D:2      | Found a faded altar to an unknown god.
   737 | D:2      | Gained mutation: You have hoof-like feet. [demonic ancestry]
   737 | D:2      | Reached XP level 3. HP: 10/29 MP: 3/3
   816 | D:2      | XOM: harmless Divn miscast
   997 | D:2      | Reached skill level 4 in Maces & Flails
  1065 | D:2      | Noticed Natasha
  1069 | D:2      | Banished Natasha
  1069 | D:2      | Gained mutation: Your flesh is cold resistant. [demonic ancestry]
  1069 | D:2      | Reached XP level 4. HP: 31/35 MP: 4/4
  1143 | D:2      | Found a sparkling altar of Nemelex Xobeh.
  1215 | D:2      | XOM: divination: detect items
  1557 | D:2      | Reached skill level 5 in Maces & Flails
  1559 | D:2      | Slain by a gnoll

Action                   |  1- 3 |  4- 6 || total
-------------------------+-------+-------++-------
Melee: Mace              |    87 |    38 ||   125
  Use: Potion            |     1 |       ||     1
 Stab: Paralysed         |     4 |     1 ||     5
       Confused          |       |     1 ||     1
  Eat: Chunk             |       |     2 ||     2

Vault maps used:
D:1:      mainiacjoe_arrival_reflecting_pool, roderic_curled_sauvastika,
          minmay_misc_feat_secret_circle
D:2:      ecumenical_altar_1, nemelex_dance_club_becter, uniq_natasha
